 Dungeon Crawl Stone Soup version 0.28-a0-895-g6e5f11bd55 (webtiles) character file.

Game seed: 10522408571177782839

65 gigimoi the Vexing (level 3, -1/19 HPs)
             Began as a Vampire Enchanter on Nov 22, 2021.
             Shot with a sling bullet by a goblin (3 damage)
             ... led by Robin
             ... on level 2 of the Dungeon.
             The game lasted 00:03:19 (817 turns).

gigimoi the Vexing (Vampire Enchanter)               Turns: 817, Time: 00:03:19

Health: -1/19      AC:  2    Str:  7    XL:     3   Next: 94%
Magic:  6/6        EV: 13    Int: 17    God:
Gold:   55         SH:  0    Dex: 15    Spells: 4/6 levels left

rFire   . . .      SeeInvis +   i - +2 dagger (venom)
rCold   + + .      Faith    .   (no shield)
rNeg    + + +      Spirit   .   b - +0 robe
rPois   ∞          Reflect  .   (no helmet)
rElec   .          Harm     .   (no cloak)
rCorr   .          Rampage  .   (no gloves)
Will    .....                   (no boots)
Stlth   +++++.....              (no amulet)
HPRegen 0.00/turn               (no ring)
MPRegen 0.10/turn               (no ring)

@: bloodless, inhibited regen
A: bloodless, fangs 3, see invisible, vampiric 2
a: Bat Form, Revivify


You were on level 2 of the Dungeon.
You visited 1 branch of the dungeon, and saw 2 of its levels.

You collected 55 gold pieces.

Inventory:

Hand Weapons
 i - a +2 dagger of venom (weapon)
Armour
 b - a +0 robe (worn)
Scrolls
 a - a scroll of noise {unknown}
 g - a scroll of enchant weapon {unknown}
Potions
 c - a potion of invisibility
 d - 2 potions of degeneration {unknown}
 e - 3 potions of flight {unknown}
 f - 2 potions of magic {unknown}
 h - a potion of ambrosia {unknown}


   Skills:
 * Level 2.1 Short Blades
 * Level 2.8 Dodging
 * Level 5.1 Stealth
 + Level 2.4 Spellcasting
 * Level 5.1 Hexes


You had 4 spell levels left.
You knew the following spells:

 Your Spells              Type           Power      Damage    Failure   Level
a - Ensorcelled Hibernat  Hex/Ice        20%        N/A       10%         2

Your spell library contained the following spells:

 Spells                   Type           Power      Damage    Failure   Level
 Confusing Touch          Hex            19%        N/A       7%          3
 Tukima's Dance           Hex            19%        N/A       7%          3
 Dazzling Flash           Conj/Hex       20%        N/A       19%         3


Dungeon Overview and Level Annotations

Branches:
Dungeon (2/15)

Altars:

Shops:
D:2 (

Annotations:
D:2 Robin


Innate Abilities, Weirdness & Mutations

You do not regenerate when monsters are visible.
You are frail without blood (-20% HP).
You can heal yourself when you bite living creatures.
You are immune to poison.
You have razor-sharp teeth.
You have supernaturally acute eyesight. (SInv)
You are afflicted with vampirism and can become a bat while bloodless.


Message History

The hobgoblin barely misses you.
You completely miss the hobgoblin.
The hobgoblin is almost dead.
You kill the hobgoblin!
A goblin comes into view. It is wielding a +0 dagger.
The goblin shouts!
You hit the goblin.
The goblin is poisoned.
Your bite misses the goblin.
The goblin is moderately wounded.
The goblin closely misses you.
Robin roars a battlecry!
The goblins go into a battle-frenzy!
You hit the goblin.
You kill the goblin!
The goblin unwields a +0 club.
The goblin wields a +0 hunting sling.
The goblin shoots a sling bullet.
The sling bullet misses you. Robin throws the goblin at you!
The goblin closely misses you.
You barely miss the goblin. The goblin barely misses you.
The goblin shoots a sling bullet.
The sling bullet barely misses you.
The sling bullet misses the goblin.
You closely miss the goblin. You closely miss the goblin. You bite the goblin.
You kill the goblin!
The goblin shoots a sling bullet.
The sling bullet hits you.
A goblin comes into view. It is wielding a +0 club.
Robin throws the goblin at you!
The goblin shoots a sling bullet.
The sling bullet misses you.
The sling bullet closely misses the goblin.
The goblin barely misses you.
A hobgoblin comes into view.
You see here a +0 dagger.
You closely miss the goblin.
The goblin shoots a sling bullet.
The sling bullet hits you.
* * * LOW HITPOINT WARNING * * *
The goblin barely misses you.
You barely miss the goblin. The goblin barely misses you.
The hobgoblin shouts!
You hit the goblin.
You kill the goblin!
The goblin shoots a sling bullet.
The sling bullet hits you.
You die...

#.#.###.##########
#.# #...........
#.# ############
#.# #.# #.# #.#
#)# #@# #### #.#
.... #g# .... #g#
.... ##†#########
.... #.8g8.8..g.g
.... #..⌠.⌠.g###
.... #.8.∩)8.#
.... #..⌠.⌠..#
....


You could see Robin, a hobgoblin (strong) and a goblin (strong).

Vanquished Creatures
  Jessica (D:2)
  An adder (D:2)
  3 ball pythons (D:2)
  An endoplasm (D:2)
  3 giant cockroaches (D:2)
  7 goblins
  3 hobgoblins (D:2)
  2 quokkas (D:2)
  4 bats
  A frilled lizard (D:1)
  A kobold (D:2)
  A rat (D:2)
28 creatures vanquished.

Notes
Turn   | Place    | Note
-------+----------+-------------------------------------------
     0 | D:1      | gigimoi the Vampire Enchanter began the quest for the Orb.
     0 | D:1      | Reached XP level 1. HP: 13/13 MP: 3/3
   187 | D:2      | Reached XP level 2. HP: 19/19 MP: 5/5
   190 | D:2      | Learned a level 2 spell: Ensorcelled Hibernation
   452 | D:2      | Found a faded altar of an unknown god.
   608 | D:2      | Gained mutation: You are afflicted with vampirism and can
                  | become a bat while bloodless. [Vampire growth]
   608 | D:2      | Reached XP level 3. HP: 24/24 MP: 6/6
   628 | D:2      | Noticed Jessica
   634 | D:2      | Killed Jessica
   635 | D:2      | Reached skill level 5 in Stealth
   635 | D:2      | Reached skill level 5 in Hexes
   792 | D:2      | Found Quntathru's Weapon Shop.
   796 | D:2      | Noticed Robin
   817 | D:2      | Shot with a sling bullet by a goblin

Illustrated notes

Levels and vault maps discovered:
D:1:      dpeg_arrival_simpleton_b, layout_basic
D:2:      layout_basic, serial_shops,
          nicolae_shop_temple_entry_statues_fountains,
          chequers_ecumenical_altar_island, uniq_jessica, uniq_robin

Skill      XL: |  1  2  3 |
---------------+----------+-----
Short Blades   | 2 |  2.1
Stealth        | 5 |  5.1
Hexes          | 5 |  5.1
Dodging        | |  2.8
Spellcasting   | |  2.4

Action                   || total
-------------------------++-------
Melee: Dagger            ||   108
       Bite              ||     8
 Abil: Exsanguinate      ||     1
 Stab: Sleeping          ||    10
Armor: Robe              ||    19
Dodge: Dodged            ||    69

Table legend: (Time is in decaauts)
 A = Elapsed time spent in this place.
 B = Non-inter-level travel time spent in this place.
 C = Inter-level travel time spent in this place.
 D = Time resting spent in this place.
 E = Time spent auto-exploring this place.
 F = Levels seen in this place.
 G = Mean time per level.
                   A        B        C        D        E       F      G
               +--------+--------+--------+--------+--------+-----+--------+
         Total |    807 |    797 |     10 |    164 |    319 |   2 |  403.5 |
       Dungeon |    807 |    797 |     10 |    164 |    319 |   2 |  403.5 |
               +--------+--------+--------+--------+--------+-----+--------+

Top non-repeatable levels by time:
     D:2: 635 daAuts
     D:1: 171 daAuts
